 Dungeon Crawl Stone Soup version 0.21-a0-509-gecc5317 (webtiles) character file.

196 KristoblXynda the Chopper (level 5, -1/45 HPs)
             Began as a Draconian Fighter on Nov 30, 2017.
             Killed by divine providence
             ... invoked by an orc priest
              (11 damage)
             ... on level 3 of the Dungeon.
             The game lasted 00:03:46 (2410 turns).

KristoblXynda the Chopper (Draconian Fighter)       Turns: 2410, Time: 00:03:47

Health: -1/45      AC:  5    Str: 18    XL:     5   Next: 45%
Magic:  5/5        EV: 10    Int: 14    God:
Gold:   94         SH:  9    Dex: 11    Spells: 4/4 levels left

rFire    . . .     SeeInvis .   a - +0 war axe
rCold    . . .     Gourm    .   b - +0 shield
rNeg     . . .     Faith    .   (armour unavailable)
rPois    .         Spirit   .   (helmet restricted)
rElec    .         Reflect  .   (no cloak)
rCorr    .         Harm     .   (no gloves)
MR       .....                  (no boots)
Stlth    +.........             (no amulet)
HPRegen  0.15/turn              (no ring)
MPRegen  0.09/turn              (no ring)

@: brilliant, very slightly contaminated, invisible
A: unfitting armour, cold-blooded, AC +5
a: no special abilities


You were on level 3 of the Dungeon.
You were not hungry.

You visited 1 branch of the dungeon, and saw 3 of its levels.

You collected 94 gold pieces.

Inventory:

Hand Weapons
 a - a +0 war axe (weapon)
Armour
 b - a +0 shield (worn)
Jewellery
 f - a cursed ring of teleportation {unknown}
Scrolls
 e - a scroll of remove curse
 i - a scroll of enchant weapon {unknown}
 j - a scroll of identify {unknown}
 k - a scroll of teleportation {unknown}
Potions
 c - a potion of might
 l - a potion of heal wounds {unknown}
 o - a potion of brilliance
Books
 m - a book of Cantrips

   Spells                             Type                      Level
   a - Confusing Touch                Hexes                        1
   b - Animate Skeleton               Necromancy                   1
   c - Summon Small Mammal            Summoning                    1
   d - Apportation                    Translocation                1
Comestibles
 d - a bread ration
 p - a meat ration


   Skills:
 - Level 3.2 Fighting
 * Level 4.8 Axes
 - Level 2.6 Dodging
 + Level 4.3 Shields


You had 4 spell levels left.
You didn't know any spells.

Dungeon Overview and Level Annotations

Branches:
Dungeon (3/15)

Altars:
Gozag
Zin


Innate Abilities, Weirdness & Mutations

Your plain brown scales are hard. (AC +5)
You cannot fit into any form of body armour.
You are cold-blooded and may be slowed by cold attacks.


Message History

You feel clever all of a sudden. The orc barely misses you.
The orc priest closely misses you.
It was a potion of invisibility.
You fade into invisibility!
The orc hits you but does no damage. You block the orc priest's attack.
You are very lightly contaminated with residual magic.
Unknown command.
You hit the orc priest but do no damage.
You catch the helpless orc completely off-guard!
You slash the orc!
You kill the orc!
The orc priest completely misses you.
You catch the helpless orc priest completely off-guard!
You hit the orc priest.
Your tail-slap misses the orc priest.
The orc priest is lightly wounded.
Things that are here:
a flail; an orc corpse The orc priest calls down the wrath of Beogh upon you.
Beogh smites you!
You die...

#.# #.##.###... #.#
#.##....... # #.#
#.##.###... #.#####.#
#.##.###...
#.....#.###.##.......
#..(.....####.#..#
#.(#.###.# #.#..) #
#.(#.# #.# .#..#
#.##@.#.###.####.#...
#............†...#.##
#.##)o#.##.....###.##
# #†)#.##..#..###...
#..#.....#...#####
......#..###.#
##.....#......#
...#..###.#..##
...#......#...#


You could see an orc priest.

Vanquished Creatures
  An orc priest (D:3)
  Terence (D:2)
  6 adders
  An ooze (D:1)
  3 dart slugs
  5 leopard geckos
  3 orcs (D:3)
  2 giant cockroaches (D:3)
  9 goblins
  6 hobgoblins
  7 jackals
  2 quokkas (D:2)
  8 bats
  5 frilled lizards
  5 kobolds
  9 rats
73 creatures vanquished.

Notes
Turn   | Place    | Note
-------+----------+-------------------------------------------
     0 | D:1      | KristoblXynda the Draconian Fighter began the quest for the Orb.
     0 | D:1      | Reached XP level 1. HP: 19/19 MP: 1/1
   151 | D:1      | Reached XP level 2. HP: 26/26 MP: 2/2
   522 | D:1      | Reached XP level 3. HP: 19/31 MP: 3/3
  1329 | D:2      | Found a glowing silver altar of Zin.
  1329 | D:2      | Found an opulent altar of Gozag.
  1460 | D:2      | Reached XP level 4. HP: 20/38 MP: 4/4
  1906 | D:2      | Found a faded altar of an unknown god.
  1959 | D:2      | Noticed Terence
  1974 | D:2      | Killed Terence
  2115 | D:3      | Reached XP level 5. HP: 41/45 MP: 5/5
  2410 | D:3      | Killed from afar by an orc priest

Vault maps used:
D:1:      evilmike_arrival_hilbert_curve
D:2:      grunt_temple_overflow_gold_and_silver,
          chequers_ecumenical_altar_twisty, minmay_misc_feat_hallway,
          uniq_terence
D:3:      tgw_trog, hangedman_glass_teeth, minivault_14, hangedman_decor_points,
          nrook_loot_triangle

Skill      XL: |  1  2  3  4 |
---------------+-------------+-----
Axes           | 3 4 |  4.8
Shields        | 4 |  4.3
Fighting       | |  3.2
Dodging        | |  2.6

Action                   |  1- 3 |  4- 6 || total
-------------------------+-------+-------++-------
Melee: War axe           |   127 |    99 ||   226
       Tailslap          |    10 |     9 ||    19
  Use: Scroll            |       |     1 ||     1
       Potion            |       |     3 ||     3
 Stab: Sleeping          |     1 |     1 ||     2
       Invisible         |       |     2 ||     2
  Eat: Chunk             |     2 |     3 ||     5
Armor: Skin              |    41 |    43 ||    84
Dodge: Dodged            |    56 |    40 ||    96
Block: Shield            |    53 |    44 ||    97

Table legend:
 A = Spawn XP
 B = Non-spawn XP
 C = Spawn XP percentage of total XP
 D = Spawn monster count
 E = Non-spawn monster count
 F = Spawn count percentage of total count
 G = Total turns spent on level
                    A         B        C        D         E        F      G
               +---------+---------+-------+---------+---------+-------+---------
         Total |       0 |     280 |   0.0 |       0 |      73 |   0.0 |  2410
               +---------+---------+-------+---------+---------+-------+---------
           D:1 |       0 |      45 |   0.0 |       0 |      23 |   0.0 |   924
           D:2 |       0 |     123 |   0.0 |       0 |      30 |   0.0 |  1184
           D:3 |       0 |     112 |   0.0 |       0 |      20 |   0.0 |   302
               +---------+---------+-------+---------+---------+-------+---------
